 Dungeon Crawl Stone Soup version 0.18.1-50-g88ac8fd (webtiles) character file.

289 theElss the Conjurer (level 6, -6/39 HPs)
             Began as a High Elf Conjurer on Sept 24, 2016.
             Was an Initiate of Vehumet.
             Killed by divine providence
             ... invoked by an orc priest
              (13 damage)
             ... on level 4 of the Dungeon.
             The game lasted 00:13:10 (4574 turns).

theElss the Conjurer (High Elf Conjurer)            Turns: 4574, Time: 00:13:11

Health: -6/39      AC:  5    Str:  7    XL:     6   Next: 9%
Magic:  7/12       EV: 13    Int: 20    God:    Vehumet [......]
Gold:   192        SH:  5    Dex: 17    Spells: 2 memorised, 9 levels left

rFire  . . .     SeeInvis .     d - +0 club
rCold  . . .     Gourm    .     a - +0 robe
rNeg   . . .     Faith    .     x - +0 buckler
rPois  .         Spirit   .     (no helmet)
rElec  .         Dismiss  +     w - +0 cloak
rCorr  .         Reflect  .     j - +0 pair of gloves
SustAt .         Harm     .     v - +0 pair of boots
MR     .....                    o - amulet of dismissal
Stlth  ++........               (no ring)
                                (no ring)

@: not resistant to hostile enchantments, unstealthy
A: no striking features
a: Renounce Religion


You were on level 4 of the Dungeon.
You worshipped Vehumet.
Vehumet was noncommittal.
You were not hungry.

You visited 2 branches of the dungeon, and saw 5 of its levels.

You collected 192 gold pieces.

Inventory:

Hand Weapons
 d - a +0 club (weapon)
Armour
 a - a +0 robe (worn)
 j - a +0 pair of gloves (worn)
 v - a +0 pair of boots (worn)
 w - a +0 cloak (worn)
 x - a +0 buckler (worn)
Jewellery
 o - an amulet of dismissal (around neck)
Wands
 q - a wand of confusion (11/48)
 y - a wand of paralysis (11/24)
Scrolls
 e - 5 scrolls of identify {unknown}
 g - 2 scrolls of fear {unknown}
 h - 2 scrolls of random uselessness {unknown}
 n - 2 scrolls of recharging {unknown}
 r - 3 scrolls of teleportation {unknown}
 t - 2 scrolls of amnesia {unknown}
 u - a scroll of remove curse {unknown}
Potions
 i - 3 potions of heal wounds {unknown}
 k - a potion of cancellation {unknown}
 m - a potion of might {unknown}
 s - a potion of lignification {unknown}
Books
 b - a book of Conjurations

   Spells                             Type                      Level
   a - Magic Dart                     Conjuration                  1
   b - Searing Ray                    Conjuration                  2
   c - Dazzling Spray                 Conjuration/Hexes            3
   d - Fulminant Prism                Conjuration/Hexes            4
   e - Iskenderun's Mystic Blast      Conjuration                  4
   f - Iskenderun's Battlesphere      Conjuration/Charms           5
Comestibles
 c - 3 bread rations
 f - a beef jerky
 l - 3 meat rations


   Skills:
 - Level 2.2 Fighting
 - Level 2.8 Dodging
 - Level 2.1 Stealth
 + Level 2.4 Shields
 - Level 3.5 Spellcasting
 - Level 6.0 Conjurations


You had 9 spell levels left.
You knew the following spells:

 Your Spells              Type           Power        Failure   Level  Hunger
a - Magic Dart            Conj           ####         1%          1    None
c - Searing Ray           Conj           ####..       2%          2    ##.....


Dungeon Overview and Level Annotations

Branches:
Dungeon (4/15)             Temple (1/1) D:4

Altars:
Ashenzari
Cheibriados
Dithmenos
Elyvilon
Fedhas
Gozag
Kikubaaqudgha
Nemelex Xobeh
Okawaru
Pakellas
Qazlal
Trog
Vehumet
Xom
Yredelemnul
Zin
The Shining One

Shops:
D:4 [


Message History

The searing ray hits the orc wizard.
The orc wizard is moderately wounded.
The orc wizard mumbles some strange words.
The orc wizard blinks!
The searing ray hits the orc priest.
The orc priest is heavily wounded.
The orc wizard points at you and mumbles some strange words.
The magic dart hits you!
* * * LOW HITPOINT WARNING * * *
You block the orc priest's attack.
The orc wizard hits you but does no damage.
Casting: Searing Ray
Confirm with . or Enter, or press ? or * to list all spells.
You don't know that spell.
Unknown command.
The orc wizard hits you with a dagger.
* * * LOW HITPOINT WARNING * * *
The orc priest mumbles some strange prayers to Beogh against you.
Beogh smites you!
You die...

########
#.o@...#
#o####.# #.#
#.# #)#
#.######
#########
#.# #......#
#........
..# #####.##
#.......#
### #.#
#......(#
#.#
####.......#
#.#


You could see an orc priest and an orc wizard.

Vanquished Creatures
  An orc wizard (D:4)
  4 gnolls (D:3)
  12 adders
  3 worms
  2 giant geckos
  6 orcs
  5 ball pythons (D:2)
  6 giant cockroaches
  6 goblins
  10 hobgoblins
  5 jackals
  2 quokkas
  6 bats
  2 giant newts
  8 kobolds
  A quokka skeleton (D:4)
  6 rats
85 creatures vanquished.

Vanquished Creatures (others)
  An orc wizard (D:4)
1 creature vanquished.

Grand Total: 86 creatures vanquished

Notes
Turn   | Place    | Note
--------------------------------------------------------------
     0 | D:1      | theElss the High Elf Conjurer began the quest for the Orb.
     0 | D:1      | Reached XP level 1. HP: 11/11 MP: 4/4
   300 | D:1      | Reached XP level 2. HP: 7/17 MP: 0/6
   648 | D:1      | Learned a level 2 spell: Searing Ray
   838 | D:1      | Reached skill level 5 in Conjurations
  1180 | D:1      | Found a sparkling altar of Nemelex Xobeh.
  1181 | D:1      | Reached XP level 3. HP: 22/22 MP: 5/7
  1615 | D:2      | Reached skill level 1 in Fighting
  2009 | D:2      | Found a basalt altar of Yredelemnul.
  2074 | D:2      | Found an oddly glowing altar of Pakellas.
  2096 | D:2      | Reached XP level 4. HP: 28/28 MP: 5/9
  2723 | D:2      | Reached XP level 5. HP: 34/34 MP: 7/10
  3177 | D:3      | Reached skill level 6 in Conjurations
  3417 | D:3      | Found a bloodstained altar of Trog.
  3551 | D:3      | Reached skill level 1 in Shields
  3835 | D:4      | Found a staircase to the Ecumenical Temple.
  3855 | Temple   | Entered the Ecumenical Temple
  3951 | Temple   | Became a worshipper of Vehumet
  4089 | D:4      | Found a shimmering altar of Xom.
  4170 | D:4      | Reached XP level 6. HP: 28/39 MP: 0/12
  4285 | D:4      | Found Plog's Antique Armour Emporium.
  4574 | D:4      | Killed from afar by an orc priest

Skill      XL: |  1  2  3  4  5 |
---------------+----------------+-----
Conjurations   | 5 6 |  6.0
Fighting       | 1 2 |  2.2
Spellcasting   | 3 |  3.5
Shields        | 2 |  2.4
Dodging        | |  2.8
Stealth        | |  2.1

Action                   |  1- 3 |  4- 6 || total
-------------------------+-------+-------++-------
Melee: Unarmed           |     4 |       ||     4
       Club              |     5 |     7 ||    12
 Cast: Magic Dart        |    71 |    76 ||   147
       Searing Ray       |     4 |    13 ||    17
  Eat: Chunk             |     4 |     8 ||    12
Armor: Robe              |     7 |    12 ||    19
Dodge: Dodged            |    26 |    21 ||    47
Block: Buckler           |       |     4 ||     4
